 Dungeon Crawl Stone Soup version 0.18.1-50-g88ac8fd (webtiles) character file.

21 Gargoyl the Skirmisher (level 2, -1/24 HPs)
             Began as a Demonspawn Abyssal Knight on Oct 17, 2016.
             Was a Follower of Lugonu.
             Slain by a gnoll
             ... wielding a +0 flail
              (7 damage)
             ... on level 1 of the Dungeon.
             The game lasted 00:02:04 (690 turns).

Gargoyl the Skirmisher (Demonspawn Abyssal Knight)   Turns: 690, Time: 00:02:05

Health: -1/24      AC:  8    Str: 12    XL:     2   Next: 65%
Magic:  4/4        EV:  5    Int: 13    God:    Lugonu [*.....]
Gold:   31         SH:  0    Dex: 12    Spells: 0 memorised, 1 level left

rFire  . . .     SeeInvis .     a - +1 hand axe
rCold  . . .     Gourm    .     g - +0 chain mail
rNeg   . . .     Faith    .     (no shield)
rPois  .         Spirit   .     (no helmet)
rElec  .         Dismiss  .     (no cloak)
rCorr  .         Reflect  .     (no gloves)
SustAt .         Harm     .     (no boots)
MR     .....                    (no amulet)
Stlth  ..........               (no ring)
                                (no ring)

@: not resistant to hostile enchantments, extremely unstealthy
A: hooves 1
a: Depart the Abyss, Renounce Religion


You were on level 1 of the Dungeon.
You worshipped Lugonu.
Lugonu was aware of your devotion.
You were not hungry.

You visited 1 branch of the dungeon, and saw 1 of its levels.
You visited the Abyss 1 time.

You collected 31 gold pieces.

Inventory:

Hand Weapons
 a - a +1 hand axe (weapon)
Missiles
 e - 8 tomahawks (quivered)
Armour
 b - a +0 leather armour
 g - a +0 chain mail (worn)
Scrolls
 d - a scroll of teleportation {unknown}
 f - a scroll of identify {unknown}
 i - a scroll of immolation {unknown}
Comestibles
 c - a bread ration


   Skills:
 + Level 3.3 Fighting
 + Level 1.8 Axes
 * Level 2.0 Armour
 + Level 1.0 Dodging
 * Level 0.5 Unarmed Combat
 * Level 3.0 Invocations


You had one spell level left.
You didn't know any spells.

Dungeon Overview and Level Annotations

Branches:
Dungeon (1/15)

Altars:


Innate Abilities, Weirdness & Mutations

You have large cloven feet.


Message History

The hobgoblin hits you but does no damage.
The kobold barely misses you. The gnoll hits you with a flail!
* * * LOW HITPOINT WARNING * * *
You closely miss the kobold. Your kick misses the kobold.
The kobold is severely wounded.
You closely miss the hobgoblin.
The hobgoblin is severely wounded.
You hit the gnoll but do no damage.
The gnoll is almost dead.
The hobgoblin hits you but does no damage.
The kobold hits you but does no damage. The gnoll hits you but does no damage.
You closely miss the gnoll. Your kick misses the gnoll.
The gnoll is almost dead.
Your chain mail prevents you from hitting the kobold.
The kobold is severely wounded.
Your chain mail prevents you from hitting the hobgoblin.
The hobgoblin is severely wounded.
The hobgoblin barely misses you. The kobold hits you but does no damage.
The gnoll hits you with a flail!
You die...

################
...............#
#####.#...###### ###+##
#####.#......# .....#
.............####.....#.
##...........+..#.......
##.....#.....#...g......
.......+.....(..@K......
####...#....>...#g......
###.............#...#.##
...........##.........
#......#...##$..#####.#
.......#....+...# #
.......#..# #...#
..........# #..#.
..........#


You could see a gnoll, a hobgoblin and a kobold.

Vanquished Creatures
  A dart slug (D:1)
  A ball python (D:1)
  4 bats (D:1)
  2 giant cockroaches (D:1)
  2 goblins (D:1)
  A hobgoblin (D:1)
  3 kobolds (D:1)
  2 rats (D:1)
16 creatures vanquished.

Notes
Turn   | Place    | Note
--------------------------------------------------------------
     0 | Abyss:1  | Gargoyl the Demonspawn Abyssal Knight began the quest for the Orb.
     0 | Abyss:1  | Reached XP level 1. HP: 18/18 MP: 2/2
   124 | D:1      | Escaped the Abyss
   416 | D:1      | Reached * piety under Lugonu
   428 | D:1      | Gained mutation: You have large cloven feet. [demonic ancestry]
   428 | D:1      | Reached XP level 2. HP: 20/24 MP: 4/4
   451 | D:1      | Reached skill level 1 in Dodging
   690 | D:1      | Slain by a gnoll

Skill      XL: |  1  2 |
---------------+-------+-----
Dodging        | 1 |  1.0
Invocations    | 3 |  3.0
Armour         | 2 |  2.0
Fighting       | |  3.3
Axes           | |  1.8
Unarmed Combat | |  0.5

Action                   || total
-------------------------++-------
Melee: Hand axe          ||    68
       Kick              ||     9
Invok: Depart the Abyss  ||     1
Armor: Chain mail        ||    54
Dodge: Dodged            ||    23
